 Dungeon Crawl Stone Soup version 0.20.1-1-g8b1a95d (webtiles) character file.

960 TheGuigne the Basher (level 7, -2/52 HPs)
             Began as a Demonspawn Fighter on Aug 13, 2017.
             Slain by an ice beast (8 damage)
             ... on level 4 of the Dungeon.
             The game lasted 00:13:02 (4509 turns).

TheGuigne the Basher (Demonspawn Fighter)           Turns: 4509, Time: 00:13:03

Health: -2/52      AC:  8    Str: 19    XL:     7   Next: 92%
Magic:  0/7        EV:  9    Int:  9    God:
Gold:   180        SH:  7    Dex: 12    Spells: 6/6 levels left

rFire    . . .     SeeInvis .   a - +0 flail
rCold    . . .     Gourm    .   c - +0 shield
rNeg     . . .     Faith    .   b - +0 scale mail
rPois    .         Spirit   +   (helmet restricted)
rElec    .         Reflect  .   (no cloak)
rCorr    .         Harm     .   H - +0 pair of gloves
MR       .....                  J - +0 pair of boots
Stlth    ..........             k - amulet of regeneration
Regen    0.6/turn               C - +3 ring of evasion
MPRegen  0.1/turn               (no ring)

@: hasted, extremely drained, very quick
A: antennae 2, powered by death 1, magic shield
a: no special abilities


You were on level 4 of the Dungeon.
You were not hungry.

You visited 2 branches of the dungeon, and saw 6 of its levels.
You also visited: Ossuary.

You collected 180 gold pieces.

Inventory:

Hand Weapons
 a - a +0 flail (weapon)
Missiles
 m - 12 tomahawks (quivered)
Armour
 b - a +0 scale mail (worn)
 c - a +0 shield (worn)
 H - a +0 pair of gloves (worn)
 J - a +0 pair of boots (worn)
Jewellery
 k - an amulet of regeneration (around neck)
 s - an uncursed amulet of magic regeneration
 C - a +3 ring of evasion (left hand)
Wands
 g - a wand of random effects (20/48)
 x - a wand of confusion (19/48)
 F - a wand of polymorph (14/24)
Scrolls
 h - 4 scrolls of teleportation
 j - a scroll of amnesia {unknown}
 l - 2 scrolls of fog
 p - 2 scrolls of enchant weapon {unknown}
 u - 4 scrolls of remove curse
 v - 3 scrolls of random uselessness {unknown}
 y - a scroll of magic mapping {unknown}
 B - 3 scrolls of immolation {unknown}
 D - a scroll of enchant armour {unknown}
 E - a scroll of blinking {unknown}
Potions
 d - 2 potions of curing
 e - 3 potions of mutation
 o - a potion of resistance {unknown}
 q - 2 potions of haste
 r - a potion of magic {unknown}
 w - a potion of lignification {unknown}
 z - a potion of invisibility {unknown}
 A - 3 potions of might
 G - a potion of agility {unknown}
 I - 2 potions of heal wounds {unknown}
Books
 i - a book of Conjurations

   Spells                             Type                      Level
   a - Magic Dart                     Conjuration                  1
   b - Searing Ray                    Conjuration                  2
   c - Dazzling Spray                 Conjuration/Hexes            3
   d - Fulminant Prism                Conjuration/Hexes            4
   e - Force Lance                    Conjuration/Translocation    4
   f - Iskenderun's Mystic Blast      Conjuration                  4
 K - a book of Air

   Spells                             Type                      Level
   a - Shock                          Conjuration/Air              1
   b - Swiftness                      Charms/Air                   2
   c - Static Discharge               Conjuration/Air              3
   d - Airstrike                      Air                          4
   e - Lightning Bolt                 Conjuration/Air              5
Comestibles
 f - 6 bread rations
 n - 2 fruits
 t - a royal jelly
 L - 2 chunks of flesh


   Skills:
 - Level 3.0(0.0) Fighting
 + Level 8.5(1.9) Maces & Flails
 - Level 2.6(0.0) Armour
 - Level 2.6(0.0) Shields
 + Level 0.2(0.0) Evocations


You had 6 spell levels left.
You didn't know any spells.

Dungeon Overview and Level Annotations

Branches:
Dungeon (5/15)             Temple (1/1) D:5

Altars:
Ashenzari
Cheibriados
Dithmenos
Elyvilon
Fedhas
Gozag
Hepliaklqana
Kikubaaqudgha
Makhleb
Nemelex Xobeh
Qazlal
Ru
Sif Muna
Trog
Uskayaw
Vehumet
Xom
Zin

Annotations:
D:5 TheGuigne's ghost, novice MiFi


Innate Abilities, Weirdness & Mutations

You have a pair of antennae on your head.
You regenerate a little health from kills.
When hurt, damage is shared between your health and your magic reserves.


Message History

* * * LOW HITPOINT WARNING * * *
You feel yourself speed up. You block the ice beast's attack.
You barely miss the ice beast.
The ice beast is moderately wounded.
The ice beast hits you but does no damage.
You closely miss the ice beast.
The ice beast is moderately wounded.
You block the ice beast's attack.
You closely miss the ice beast.
The ice beast is moderately wounded.
The ice beast hits you but does no damage.
You hit the ice beast.
The ice beast is heavily wounded.
The ice beast completely misses you.
You hit the ice beast.
The ice beast is severely wounded.
The ice beast hits you.
* * * LOW HITPOINT WARNING * * *
The ice beast freezes you!
You die...

#...#.......#......
#...#.......#.....#
#...#.......#......
#...#.......#......
#...'.......+......
#...#.......#......
#'####......#......
#....#......#######
#.@Y.'.............
#)...#.............
#....#.............
#....#.............
#....#.............
####'#####'########
#........#...#....#
#.รท......#...'....#
#........#...#....#


You could see an ice beast.

Vanquished Creatures
  The ghost of bosm the Bolt Thrower, a novice KoHu (Ossuary)
  An ogre (D:4)
  A phantom (D:4)
  A water moccasin skeleton (D:4)
  2 centaur zombies (Ossuary)
  2 hounds
  An orc priest (D:4)
  An orc wizard (D:4)
  Ijyb (D:3)
  An iguana (D:4)
  A worker ant (D:4)
  3 mummies
  7 adders
  An ooze (D:3)
  2 adder zombies (Ossuary)
  2 worms
  4 leopard geckos
  5 orcs
  5 bats
  5 giant cockroaches
  11 goblins
  7 hobgoblins
  14 jackals
  3 quokkas
  9 frilled lizards
  4 goblin zombies (Ossuary)
  13 hobgoblin zombies (Ossuary)
  2 jackal zombies (Ossuary)
  6 kobolds
  7 kobold zombies (Ossuary)
  A leopard gecko skeleton (D:4)
  5 orc zombies (Ossuary)
  5 rats
  A rat zombie (Ossuary)
135 creatures vanquished.

Notes
Turn   | Place    | Note
-------+----------+-------------------------------------------
     0 | D:1      | TheGuigne the Demonspawn Fighter began the quest for the Orb.
     0 | D:1      | Reached XP level 1. HP: 18/18 MP: 1/1
    31 | D:1      | Reached skill level 2 in Maces & Flails
   160 | D:1      | Gained mutation: When hurt, damage is shared between your health and your magic reserves. [demonic ancestry]
   160 | D:1      | Reached XP level 2. HP: 17/24 MP: 2/2
   421 | D:1      | Reached skill level 3 in Maces & Flails
   713 | D:2      | Gained mutation: You regenerate a little health from kills. [demonic ancestry]
   713 | D:2      | Reached XP level 3. HP: 29/29 MP: 3/3
   842 | D:2      | Found a sacrificial altar of Ru.
   977 | D:2      | Reached skill level 4 in Maces & Flails
   977 | D:2      | Gained mutation: You have a pair of small antennae on your head. [demonic ancestry]
   977 | D:2      | Reached XP level 4. HP: 35/35 MP: 4/4
   978 | D:2      | Found a hide-covered altar of Uskayaw.
  1085 | D:2      | Found a sparkling altar of Nemelex Xobeh.
  1248 | D:3      | Found an ancient bone altar of Kikubaaqudgha.
  1653 | D:3      | Noticed Ijyb
  1685 | D:3      | Killed Ijyb
  1948 | D:3      | Found a white marble altar of Elyvilon.
  2103 | D:3      | Reached XP level 5. HP: 41/41 MP: 5/5
  2273 | D:4      | Noticed a phantom
  2293 | D:4      | Killed a phantom
  2293 | D:4      | Reached skill level 5 in Maces & Flails
  2388 | D:4      | Reached XP level 6. HP: 42/47 MP: 6/6
  2469 | D:4      | Found a radiant altar of Vehumet.
  2540 | D:4      | Found a sand-covered staircase.
  2542 | D:4      | You fall through a shaft!
  2542 | D:5      | Entered Level 5 of the Dungeon
  2542 | D:5      | Found a staircase to the Ecumenical Temple.
  2552 | D:5      | Reached skill level 6 in Maces & Flails
  2558 | Temple   | Entered the Ecumenical Temple
  3039 | Ossuary  | Entered an ossuary
  3079 | Ossuary  | Noticed bosm's ghost (novice KoHu)
  3170 | Ossuary  | Killed bosm's ghost
  3170 | Ossuary  | Reached skill level 7 in Maces & Flails
  3170 | Ossuary  | Gained mutation: You have a pair of antennae on your head. [demonic ancestry]
  3170 | Ossuary  | Reached XP level 7. HP: 11/52 MP: 2/7
  3631 | D:4      | Reached skill level 8 in Maces & Flails
  4210 | D:5      | Noticed TheGuigne's ghost (novice MiFi)
  4509 | D:4      | Slain by an ice beast

Skill      XL: |  1  2  3  4  5  6  7 |
---------------+----------------------+-----
Maces & Flails | 2 3 4 5 7 8 |  8.5
Fighting       | |  3.0
Armour         | |  2.6
Shields        | |  2.6
Evocations     | |  0.2

Action                   |  1- 3 |  4- 6 |  7- 9 || total
-------------------------+-------+-------+-------++-------
Melee: Flail             |   145 |   342 |   193 ||   680
Evoke: Wand              |       |     1 |       ||     1
  Use: Scroll            |       |     3 |     3 ||     6
       Potion            |       |     4 |     1 ||     5
 Stab: Confused          |       |     2 |       ||     2
  Eat: Chunk             |     1 |     7 |     3 ||    11
       Fruit             |       |       |     3 ||     3
Armor: Scale mail        |    95 |   148 |    66 ||   309
Dodge: Dodged            |    56 |   140 |    78 ||   274
Block: Shield            |    97 |   181 |    63 ||   341
